AoeStats
← PaulTschigerillo

Pilgrims

510109928Analyzed
2v2 RM · 2d ago on Sep 29, 2026· 36m 3s· 4 players
Game mode
Random Map
Map size
Medium (4 player)
Population
200
Speed
Normal
Resources
Standard
Victory
Conquest
Starting age
Dark Age
Ending age
Imperial Age
RankedLock teamsTeams togetherTeam positionsShared explorationLock speedFull tech treeHidden civsTurbo modeCheats
Victory
Defeat
🇭🇰 Italians · Hong Kong SAR China
1300
+11
🇭🇰 Danes · Hong Kong SAR China
1234
+14
🇩🇪 Saxons · Germany
1190
-13
🇩🇪 Varangians · Germany
1189
-12
Mr. K
3:45 Loom
10:35 Feudal Age
11:03 Double-Bit Axe
15:32 Gold Mining
16:31 Fishing Lines
19:45 Castle Age
19:34 Stone Mining
19:29 Horse Collar
21:08 Bow Saw
20:48 Gambesons
21:04 Squires
20:49 Arson
20:26 Man-at-Arms
23:03 Wheelbarrow
24:25 Hand Cart
24:12 Heavy Plow
23:40 Long Swordsman
29:02 Imperial Age
27:28 Scale Mail Armor
29:16 Town Watch
29:44 Masonry
29:09 Two-Handed Swordsman
30:12 Chain Mail Armor
30:07 Forging
30:19 Fletching
31:19 Gold Shaft Mining
30:53 Scale Barding Armor
31:51 Plate Mail Armor
32:39 Iron Casting
31:27 Champion
32:05 Fletching
32:08 Elite Varangian Guard
34:42 Conscription
33:43 Hamask
35:38 Blast Furnace
35:11 Elite Jomsviking
Picking a not real hero
6:33 Loom
10:47 Feudal Age
12:02 Double-Bit Axe
14:30 Castle Age
14:01 Horse Collar
15:40 Bow Saw
15:38 Heavy Plow
16:23 Wheelbarrow
23:42 Scale Barding Armor
23:47 Forging
26:05 Chain Barding Armor
26:26 Iron Casting
26:08 Bloodlines
26:11 Husbandry
27:56 Town Watch
31:30 Imperial Age
31:26 Hand Cart
31:47 Capped Ram
31:53 Cavalier
34:23 Plate Barding Armor
34:48 Blast Furnace
33:19 Light Cavalry
36:07 Crop Rotation
35:43 Stone Mining
35:47 Gold Mining
35:49 Hussar
fickr
8:19 Loom
11:43 Feudal Age
12:15 Fishing Lines
14:23 Town Watch
17:34 Castle Age
16:04 Double-Bit Axe
19:01 Wheelbarrow
24:45 Hand Cart
24:31 Town Patrol
26:41 Gold Mining
27:03 Bow Saw
26:37 Horse Collar
27:54 Ballistics
27:15 Treadmill Crane
28:15 Squires
28:00 Arson
29:30 Stone Mining
30:31 Gambesons
30:32 Pikeman
32:54 Stone Shaft Mining
32:36 Forging
32:26 Scale Mail Armor
34:33 Iron Casting
34:13 Chain Mail Armor
PaulTschigerillo
7:20 Loom
10:00 Feudal Age
10:59 Double-Bit Axe
23:45 Castle Age
22:24 Gold Mining
22:15 Horse Collar
Connection lost

Rejoining the realm…

Still unreachable

The connection could not be restored.

Session expired

The server has moved on; the page needs a fresh start.